 Dungeon Crawl Stone Soup version 0.29-a0-1052-g6990b1bffc (webtiles) character file.

Game seed: 11223668443648385473

35 Zeldest the Sneak (level 3, 0/20 HPs)
             Began as a Vampire Enchanter on Aug 17, 2022.
             Slain by Natasha (6 damage)
             ... on level 2 of the Dungeon.
             The game lasted 00:02:39 (245 turns).

Zeldest the Sneak (Vampire Enchanter)                Turns: 245, Time: 00:02:40

Health: 0/20       AC:  2    Str:  7    XL:     3   Next: 16%
Magic:  1/6        EV: 12    Int: 17    God:
Gold:   23         SH:  5    Dex: 16    Spells: 1/6 levels left

rFire   . . .      SeeInvis +   a - +1 dagger
rCold   + + .      Faith    .   (no shield)
rNeg    + + +      Spirit   .   b - +0 robe
rPois   ∞          Reflect  +   (no helmet)
rElec   .          Harm     .   (no cloak)
rCorr   .          Rampage  .   (no gloves)
Will    .....                   (no boots)
Stlth   +++++.....              d - amulet of reflection
HPRegen 0.00/turn               (no ring)
MPRegen 0.10/turn               (no ring)

@: bloodless, inhibited regen
A: bloodless, fangs 3, see invisible, vampiric 2
a: Bat Form, Revivify


You were on level 2 of the Dungeon.
You visited 1 branch of the dungeon, and saw 2 of its levels.

You collected 23 gold pieces.

Inventory:

Hand Weapons
 a - a +1 dagger (weapon)
Armour
 b - a +0 robe (worn)
Jewellery
 d - an amulet of reflection (around neck)
Potions
 c - a potion of invisibility
 e - a potion of degeneration {unknown}


   Skills:
 + Level 0.7 Fighting
 + Level 1.6 Short Blades
 - Level 2.1 Dodging
 + Level 4.8 Stealth
 + Level 2.2 Spellcasting
 + Level 4.7 Hexes
 + Level 1.0 Ice Magic


You had one spell level left.
You knew the following spells:

 Your Spells              Type           Power      Damage    Failure   Level
a - Ensorcelled Hibernat  Hex/Ice        22%        N/A       9%          2
b - Confusing Touch       Hex            18%        N/A       9%          3

Your spell library contained the following spells:

 Spells                   Type           Power      Damage    Failure   Level
 Tukima's Dance           Hex            18%        N/A       9%          3
 Dazzling Flash           Conj/Hex       20%        N/A       22%         3


Dungeon Overview and Level Annotations

Branches:
Dungeon (2/15)

Altars:

Annotations:
D:2 Natasha


Innate Abilities, Weirdness & Mutations

You do not regenerate when monsters are visible.
You are frail without blood (-20% HP).
You can heal yourself when you bite living creatures.
You are immune to poison.
You have razor-sharp teeth.
You have supernaturally acute eyesight. (SInv)
You are afflicted with vampirism and can become a bat while bloodless.


Message History

You hit the kobold.
You kill the kobold!
You see here a +0 dagger.
A rat comes into view.
Your magical contamination has completely faded away.
The rat bites you but does no damage.
You hit the rat.
The rat is moderately wounded.
The rat bites you but does no damage.
You barely miss the rat. You bite the rat, but do no damage.
The rat is moderately wounded.
You block the rat's attack.
You hit the rat but do no damage.
The rat is moderately wounded.
The rat misses you.
You closely miss the rat.
The rat is moderately wounded.
The rat closely misses you.
You hit the rat.
The rat is severely wounded.
The rat closely misses you.
You hit the rat.
You kill the rat!
You see here a rat corpse.
You open the door.
There is an open door here.
You open the door.
Natasha, Servant of Life and Death comes into view.
Found a puce potion.
There is an open door here.
An endoplasm comes into view.
Natasha hisses angrily.
Natasha claws you!
* * * LOW HITPOINT WARNING * * *
Aiming: Ensorcelled Hibernation (safe; 9% risk of failure)
Press: ? - help, Q - select action Shift-Dir - straight line, f - Natasha
Aim: Natasha (chance to affect: 45%) Natasha resists with some effort.
Natasha claws you.
You die...

.... ############## ....
....#........# .....
.............# ####J....
.............# #........
.............###........
............†'.'........
....#........###@h...!..
....#........# #........
########...........#####
#...........#
#.........##.
#.........# ..
#.........# ..
########### ...


You could see Natasha and an endoplasm.

Vanquished Creatures
  Jessica (D:1)
  A goblin (D:1)
  A quokka (D:2)
  2 bats (D:1)
  2 kobolds (D:2)
  3 rats
10 creatures vanquished.

Notes
Turn   | Place    | Note
-------+----------+-------------------------------------------
     0 | D:1      | Zeldest the Vampire Enchanter began the quest for the Orb.
     0 | D:1      | Reached XP level 1. HP: 13/13 MP: 3/3
   150 | D:2      | Noticed Jessica
   158 | D:1      | Killed Jessica
   159 | D:1      | Reached skill level 1 in Ice Magic
   159 | D:1      | Reached XP level 2. HP: 16/16 MP: 5/5
   159 | D:1      | Gained mutation: You are afflicted with vampirism and can
                  | become a bat while bloodless. [Vampire growth]
   159 | D:1      | Reached XP level 3. HP: 20/20 MP: 6/6
   198 | D:2      | Learned a level 2 spell: Ensorcelled Hibernation
   202 | D:2      | Learned a level 3 spell: Confusing Touch
   242 | D:2      | Noticed Natasha
   245 | D:2      | Slain by Natasha

Illustrated notes

Levels and vault maps discovered:
D:1:      dpeg_arrival_subterranean_lakeside_camping, layout_basic
D:2:      layout_basic, uniq_jessica, uniq_natasha

Skill      XL: |  1 |
---------------+----+-----
Ice Magic      | 1 |  1.0
Fighting       | |  0.7
Short Blades   | |  1.6
Dodging        | |  2.1
Stealth        | |  4.8
Spellcasting   | |  2.2
Hexes          | |  4.7

Action                   || total
-------------------------++-------
Melee: Dagger            ||    31
       Bite              ||     3
 Cast: Ensorcelled Hiber ||     2
 Abil: Exsanguinate      ||     1
  Use: Potion            ||     1
 Stab: Sleeping          ||     3
       Invisible         ||     2
Armor: Robe              ||     6
Dodge: Dodged            ||    16
Block: Other             ||     6

Table legend: (Time is in decaauts)
 A = Elapsed time spent in this place.
 B = Non-inter-level travel time spent in this place.
 C = Inter-level travel time spent in this place.
 D = Time resting spent in this place.
 E = Time spent auto-exploring this place.
 F = Levels seen in this place.
 G = Mean time per level.
                   A        B        C        D        E       F      G
               +--------+--------+--------+--------+--------+-----+--------+
         Total |    247 |    247 |      0 |      0 |      0 |   2 |  123.5 |
       Dungeon |    247 |    247 |      0 |      0 |      0 |   2 |  123.5 |
               +--------+--------+--------+--------+--------+-----+--------+

Top non-repeatable levels by time:
     D:1: 160 daAuts
     D:2: 86 daAuts
